 Dungeon Crawl Stone Soup version 0.29-a0-973-gac7da5f7f0 (webtiles) character file.

Game seed: 4660139699615763917

50 vurker the Ducker (level 3, 30/30 HPs)
             Began as a Minotaur Enchanter on July 31, 2022.
             Quit the game on level 4 of the Dungeon.
             The game lasted 00:03:51 (1681 turns).

vurker the Ducker (Minotaur Enchanter)              Turns: 1681, Time: 00:03:52

Health: 30/30      AC:  7    Str: 14    XL:     3   Next: 55%
Magic:  4/4        EV:  9    Int: 12    God:
Gold:   150        SH:  0    Dex: 10    Spells: 4/4 levels left

rFire   . . .      SeeInvis .   a - +1 dagger
rCold   . . .      Faith    .   (no shield)
rNeg    . . .      Spirit   .   g - +0 scale mail
rPois   .          Reflect  .   (helmet restricted)
rElec   .          Harm     .   (no cloak)
rCorr   .          Rampage  .   i - +0 pair of gloves
Will    .....                   (no boots)
Stlth   ..........              (no amulet)
HPRegen 0.10/turn               (no ring)
MPRegen 0.09/turn               (no ring)

@: no status effects
A: horns 2, retaliatory headbutt
a: no special abilities


You were on level 4 of the Dungeon.
You visited 2 branches of the dungeon, and saw 4 of its levels.

You collected 150 gold pieces.

Inventory:

Hand Weapons
 a - a +1 dagger (weapon)
Armour
 g - a +0 scale mail (worn)
   (You found it on level 1 of the Dungeon)
 i - a +0 pair of gloves (worn)
   (You found it on level 2 of the Dungeon)
Wands
 j - a wand of polymorph (4)
   (You found it on level 4 of the Dungeon)
Scrolls
 d - 3 scrolls of vulnerability
Potions
 b - a potion of brilliance {unknown}
 c - 2 potions of invisibility
 e - a potion of attraction {unknown}
 f - a potion of curing
 k - a potion of degeneration {unknown}


   Skills:
 * Level 2.7 Fighting
 - Level 1.1 Short Blades
 + Level 1.7 Armour
 + Level 2.8 Dodging
 - Level 2.4 Stealth
 - Level 1.3 Spellcasting
 - Level 2.0 Hexes


You had 4 spell levels left.
You didn't know any spells.
Your spell library contained the following spells:

 Spells                   Type           Power      Damage    Failure   Level
 Ensorcelled Hibernation  Hex/Ice        6%         N/A       77%         2
 Confusing Touch          Hex            5%         N/A       85%         3
 Tukima's Dance           Hex            5%         N/A       85%         3
 Dazzling Flash           Conj/Hex       6%         N/A       94%         3


Dungeon Overview and Level Annotations

Branches:
Dungeon (4/15)             Temple (1/1) D:4

Altars:
Cheibriados
Elyvilon
Kikubaaqudgha
Nemelex Xobeh
Okawaru
Ru
Sif Muna
Trog
Uskayaw
Vehumet
Wu Jian
Yredelemnul
The Shining One

Shops:
D:1 :*([


Innate Abilities, Weirdness & Mutations

You have a pair of horns on your head.
You reflexively headbutt those who attack you in melee.


Message History

You enter the shallow water.
Moving in this stuff is going to be slow.
Why would you want to do that?
There is a staircase to the Ecumenical Temple here.
You climb downwards.
Welcome to the Ecumenical Temple!
Found three altars.
There is a staircase back to the Dungeon here.
Found a sacrificial altar of Ru and a basalt altar of Yredelemnul.
Found a radiant altar of Vehumet.
Found a glowing golden altar of the Shining One.
There is a bloodstained altar of Trog here.
Found an ancient bone altar of Kikubaaqudgha.
Found a white marble altar of Elyvilon.
Found a hide-covered altar of Uskayaw.
Found a shimmering blue altar of Sif Muna and an iron altar of Okawaru.
Found a snail-covered altar of Cheibriados.
Done exploring.
Done exploring.
There is a sacrificial altar of Ru here.
There is a basalt altar of Yredelemnul here.
There is a sparkling altar of Nemelex Xobeh here.
There is a staircase back to the Dungeon here.
You climb upwards.
Welcome back to the Dungeon!
There is a staircase to the Ecumenical Temple here.
You enter the shallow water.
Moving in this stuff is going to be slow.
A gnoll comes into view. It is wielding a +0 club.
A gnoll comes into view. It is wielding a +0 club.
A gnoll comes into view. It is wielding a +0 halberd.
The gnoll shouts!
A gnoll comes into view. It is wielding a +0 club.
You see here a +0 leather armour.
As you read the scroll labelled SEIWAATEUSI, it crumbles to dust.
It is a scroll of identify.
f - a potion of curing The gnoll hits you but does no damage.
The gnoll barely misses you. You furiously retaliate!
You headbutt the gnoll, but do no damage.
The gnoll attacks as you move away! The gnoll hits you but does no damage.
The gnoll attacks as you move away! The gnoll closely misses you.
You furiously retaliate!
You headbutt the gnoll. The gnoll attacks as you move away!
The gnoll hits you but does no damage. The gnoll attacks as you move away!
The gnoll hits you but does no damage. The gnoll closely misses you.
You closely miss the gnoll. You headbutt the gnoll!
A gnoll comes into view. It is wielding a +0 club.
A gnoll comes into view. It is wielding a +0 spear.
The gnoll hits you but does no damage. The gnoll barely misses you.
Unknown command.
Okay, then.

##..####....
##...###.#..#
###....##....##
#.##...#.....##
###.#..)...###...
#..g...g..## ....
###g.....g#.###....
#..##.....#........
#.@gg.....#.....#.#
##.g..#..#...##.#..
#########....#....
###....... ##......
### #..#...
##.#####....#
##....#......#
#........###..


You could see 6 gnolls.

Vanquished Creatures
  3 dart slugs
  5 ball pythons
  4 bats (D:1)
  4 endoplasms
  A giant cockroach (D:1)
  2 goblins
  9 hobgoblins
  4 quokkas (D:1)
  2 frilled lizards (D:1)
  2 kobolds (D:1)
  A rat (D:1)
37 creatures vanquished.

Vanquished Creatures (others)
  A kobold (D:1)
1 creature vanquished.

Grand Total: 38 creatures vanquished

Notes
Turn   | Place    | Note
-------+----------+-------------------------------------------
     0 | D:1      | vurker the Minotaur Enchanter began the quest for the Orb.
     0 | D:1      | Reached XP level 1. HP: 14/14 MP: 1/1
   146 | D:1      | Found Qadyluso's Armour Shop.
   150 | D:1      | Reached skill level 1 in Fighting
   209 | D:1      | Reached XP level 2. HP: 23/23 MP: 3/3
   228 | D:1      | Found Xeloe's Weapon Shop.
   258 | D:1      | Reached skill level 1 in Armour
   698 | D:1      | Found Zoocreni's Assorted Antiques.
   772 | D:1      | Reached XP level 3. HP: 24/29 MP: 4/4
   864 | D:1      | Found a faded altar of an unknown god.
   943 | D:1      | Found Gats's Book Emporium.
  1388 | D:2      | You fall into a shaft and drop 2 floors!
  1564 | D:4      | Found a staircase to the Ecumenical Temple.
  1583 | Temple   | Entered the Ecumenical Temple
  1681 | D:4      | Quit the game

Illustrated notes

Levels and vault maps discovered:
D:1:      dpeg_arrival_erosion, layout_basic,
          shapermc_ecumenical_altar_mp_urbaneastern, serial_shops,
          nicolae_shop_trees, shop_fountains, shop_statue, shop_coins
D:2:      layout_basic, basic_altar, dreamdust_mushroom_princess
D:4:      layout_cave_pools, temple_pool_b, nicolae_titane, uniq_pikel
Temple:   cyrus_circular_temple

Skill      XL: |  1  2 |
---------------+-------+-----
Fighting       | 1 2 |  2.7
Armour         | 1 |  1.7
Short Blades   | |  1.1
Dodging        | |  2.8
Stealth        | |  2.4
Spellcasting   | |  1.3
Hexes          | |  2.0

Action                   || total
-------------------------++-------
Melee: Dagger            ||    93
       Headbutt          ||    17
       Punch             ||     2
  Use: Scroll            ||     5
 Stab: Sleeping          ||     1
Armor: Robe              ||     9
       Scale mail        ||    17
Dodge: Dodged            ||    69

Table legend: (Time is in decaauts)
 A = Elapsed time spent in this place.
 B = Non-inter-level travel time spent in this place.
 C = Inter-level travel time spent in this place.
 D = Time resting spent in this place.
 E = Time spent auto-exploring this place.
 F = Levels seen in this place.
 G = Mean time per level.
                   A        B        C        D        E       F      G
               +--------+--------+--------+--------+--------+-----+--------+
         Total |   1680 |   1630 |     50 |      0 |   1210 |   4 |  420.0 |
       Dungeon |   1619 |   1569 |     50 |      0 |   1176 |   3 |  539.7 |
        Temple |     60 |     60 |      0 |      0 |     34 |   1 |   60.0 |
               +--------+--------+--------+--------+--------+-----+--------+

Top non-repeatable levels by time:
     D:1: 1075 daAuts
     D:2: 309 daAuts
     D:4: 235 daAuts
  Temple: 60 daAuts
